Map: Pillars of Gold LE

Players

Seither

  • Race: Terran Terran
  • Spawn Location: 7:00

Probe - Winner!

  • Race: Protoss Protoss
  • Spawn Location: 1:00

Event: DreamHack SC2 Masters 2020 Summer Oceania RoA

VOD

Have the link to the VOD?

Description

Time

  • Played on: June 24, 2020, 5:26 a.m.
  • Length: 12:27

All games in this series

Show
View Real Time Build Order
Export as new Build Order

Seither Terran 

Build Orders: Reaper Expand 

Get SALT Encoding   

  12  0:00  SCV  
  13  0:12  SCV  
  14  0:18  Supply Depot  
  14  0:24  SCV  
  15  0:39  SCV  
  15  0:40  Barracks  
  16  0:45  Refinery  
  16  0:51  SCV  
  17  1:03  SCV  
  18  1:15  SCV  
  19  1:28  Reaper, Orbital Command  
  20  1:47  Command Center  
  20  1:58  SCV, Supply Depot  
  21  2:04  Marine  
  22  2:11  SCV  
  22  2:14  Factory  
  23  2:21  Bunker  
  23  2:26  Barracks Reactor  
  23  2:30  SCV  
  24  2:40  Refinery  
  24  2:42  SCV  
  25  2:54  SCV  
  24  3:00  Starport  
  24  3:03  Marine x2  
  26  3:06  SCV  
  26  3:07  Orbital Command  
  27  3:14  Widow Mine  
  27  3:18  SCV  
  30  3:21  Marine x2  
  32  3:30  SCV  
  34  3:34  SCV  
  34  3:37  Widow Mine  
  34  3:39  Marine x2  
  38  3:42  SCV  
  38  3:44  Supply Depot  
  38  3:46  SCV  
  40  3:49  Medivac  
  42  3:57  SCV  
  42  3:58  SCV, Barracks  
  42  4:02  Marine x2  
  46  4:07  Factory Tech Lab  
  46  4:08  Supply Depot  
  46  4:10  SCV x2  
  46  4:16  Barracks  
  48  4:22  Marine x2  
  50  4:25  SCV x2  
  50  4:29  Starport Tech Lab  
  52  4:35  Refinery  
  52  4:36  Engineering Bay  
  52  4:38  Factory Tech Lab  
  52  4:39  SCV x2  
  52  4:43  Supply Depot  
  52  4:44  Marine x2  
  56  4:51  SCV x2  
  58  4:55  Stimpack, Marine  
  58  4:59  Siege Tank  
  62  5:10  SCV x2  
  64  5:17  Marauder, Marine  
  64  5:20  Terran Infantry Weapons Level 1, Refinery  
  67  5:22  SCV, Supply Depot  
  67  5:23  SCV  
  67  5:26  Combat Shield  
  69  5:35  Supply Depot  
  69  5:36  Starport Reactor  
  69  5:37  Marine  
  70  5:44  SCV x2, Supply Depot, Marauder, Marine, Siege Tank  
  78  5:50  Marauder  
  80  5:57  Supply Depot  
  80  5:59  Marine  
  80  6:01  SCV x2, Marine  
  84  6:06  Marauder  
  84  6:07  Supply Depot  
  86  6:11  Marauder  
  86  6:14  Medivac  
  86  6:16  Siege Tank  
  86  6:17  Medivac  
  95  6:22  Supply Depot  
  95  6:27  Marine x2  
  95  6:28  Marauder  
  99  6:33  Marauder  
  99  6:36  Supply Depot  
  101  6:41  Concussive Shells  
  101  6:45  Marine x2  
  103  6:49  Marauder  
  103  6:51  Siege Tank  
  108  6:54  Marauder  
  110  7:03  Medivac x2, Marine x2  
  116  7:11  Marauder  
  116  7:12  Supply Depot  
  119  7:16  Marauder  
  119  7:20  Marine  
  119  7:21  Marine  
  121  7:23  Siege Tank  
  123  7:32  Marauder  
  127  7:37  Marauder  
  127  7:38  Marine x2  
  128  7:54  Marauder  
  128  7:56  Marine  
  123  7:58  Marauder  
  123  8:01  Marine  
  123  8:03  Siege Tank  
  110  8:14  Marine  
  110  8:15  Marauder  
  110  8:18  Bunker  
  110  8:19  Bunker, Marine  
  113  8:20  Marauder  
  88  8:31  Bunker  
  88  8:32  Marine  
  85  8:36  Marine  
  85  8:37  Marine  
  83  8:45  Marine  
  83  8:49  Marine  
  83  8:54  Marauder  
  84  9:03  Marine  
  84  9:04  Marauder  
  86  9:16  Marauder  
  81  9:20  Marine  
  81  9:21  Marine  
  81  9:22  Siege Tank  
  86  9:25  Marauder  
  88  9:35  Medivac  
  88  9:37  Liberator  
  83  9:46  Marine x2  
  83  9:47  Marauder  
  86  9:58  Marine  
  82  10:04  Marine  
  70  10:08  Marauder  
  60  10:17  Marauder  
  60  10:19  Siege Tank  
  62  10:30  Marauder, Marine x2  
  66  10:38  Marauder  
  68  10:47  Marine  
  68  10:48  Marine  
  70  10:52  Marauder  
  72  10:59  Marauder, Siege Tank  
  77  11:05  Marine x2  
  79  11:13  Marauder  
  81  11:20  Marine  
  81  11:23  Marine  
  83  11:43  Marauder, Marine x2  
  65  12:01  Marine x2  
Show
View Real Time Build Order
Export as new Build Order

Probe Protoss - Winner!

Build Orders: 1 Gate Expand, Blink Stalkers, Colossus Rush 

Get SALT Encoding   

  12  0:00  Probe  
  13  0:13  Probe  
  14  0:18  Pylon  
  14  0:24  Probe  
  15  0:32  Probe  
  15  0:37  Gateway  
  15  0:40  Probe  
  16  0:48  Assimilator  
  17  0:51  Probe  
  18  1:03  Probe  
  19  1:15  Probe  
  20  1:25  Cybernetics Core  
  20  1:34  Nexus  
  20  1:38  Probe  
  21  1:45  Pylon  
  21  1:50  Probe  
  21  1:53  Adept  
  22  1:55  Assimilator  
  22  2:02  Probe  
  25  2:11  Warp Gate  
  25  2:14  Probe  
  26  2:16  Stalker  
  26  2:26  Probe  
  29  2:38  Probe  
  28  2:44  Twilight Council  
  28  2:50  Probe x2  
  28  2:58  Probe  
  28  3:02  Probe  
  30  3:06  Probe  
  31  3:13  Probe  
  31  3:17  Probe  
  33  3:21  Probe, Blink  
  34  3:29  Probe x2  
  34  3:32  Gateway  
  36  3:37  Robotics Facility  
  36  3:40  Probe  
  37  3:41  Probe  
  38  3:48  Probe  
  38  3:53  Probe  
  40  3:56  Probe, Pylon  
  40  4:00  Stalker  
  43  4:05  Probe, Assimilator  
  43  4:07  Probe  
  45  4:13  Probe, Pylon  
  45  4:19  Probe  
  45  4:21  Probe  
  47  4:24  Observer  
  49  4:31  Probe  
  49  4:32  Probe, Gateway  
  49  4:34  Gateway  
  49  4:36  Stalker  
  53  4:40  Stalker  
  53  4:43  Observer  
  53  4:44  Probe  
  56  4:45  Pylon  
  56  4:47  Assimilator  
  56  4:51  Probe  
  58  4:54  Robotics Bay  
  58  4:57  Pylon  
  58  4:58  Observer  
  58  5:01  Stalker  
  60  5:09  Probe  
  60  5:13  Probe  
  60  5:21  Probe  
  61  5:22  Stalker  
  61  5:25  Probe, Pylon  
  61  5:26  Colossus  
  64  5:33  Probe  
  65  5:39  Forge  
  65  5:45  Sentry  
  75  5:52  Charge  
  75  5:53  Pylon  
  73  6:02  Gateway  
  73  6:04  Gateway  
  73  6:12  Nexus  
  73  6:14  Colossus  
  73  6:19  Protoss Ground Weapons Level 1  
  73  6:22  Pylon  
  79  6:27  Sentry  
  79  6:31  Probe  
  82  6:33  Pylon  
  82  6:37  Zealot  
  82  6:38  Zealot  
  86  6:43  Pylon  
  86  6:46  Extended Thermal Lance  
  86  6:49  Zealot  
  88  6:59  Zealot x3  
  88  7:00  Sentry  
  96  7:05  Disruptor  
  96  7:09  Observer  
  102  7:16  Zealot x2  
  102  7:20  Gateway  
  103  7:26  Sentry x2  
  103  7:27  Shield Battery  
  103  7:28  Gateway  
  107  7:31  Zealot  
  107  7:32  Zealot  
  111  7:41  Probe  
  111  7:43  Disruptor  
  113  7:46  Zealot x2  
  117  7:53  Zealot x2  
  104  8:06  Zealot  
  104  8:07  Zealot x3  
  112  8:15  Zealot  
  112  8:16  Zealot  
  96  8:29  Stalker  
  96  8:30  Stalker x2, Zealot  
  96  8:33  Pylon  
  100  8:38  Shield Battery  
  100  8:42  Zealot x3  
  100  8:47  Shield Battery  
  97  8:51  Zealot  
  97  8:54  Robotics Facility  
  99  8:57  Sentry x2  
  99  8:58  Zealot  
  105  9:04  Observer  
  89  9:13  Zealot x4  
  97  9:21  Probe x2  
  97  9:23  Sentry x2, Pylon  
  103  9:33  Probe x3  
  103  9:36  Pylon  
  106  9:45  Probe, Zealot x3  
  102  9:50  Zealot  
  93  9:57  Zealot  
  93  9:58  Zealot x2  
  78  10:08  Zealot x3  
  78  10:10  Probe x2  
  78  10:13  Probe, Observer  
  83  10:22  Probe x2  
  83  10:25  Probe  
  86  10:29  Colossus  
  86  10:31  Templar Archives  
  86  10:34  Probe x2  
  88  10:36  Sentry  
  88  10:37  Probe  
  97  10:50  Observer  
  97  10:51  Stalker x2  
  97  10:57  Zealot x2  
  103  10:59  Stalker  
  107  11:07  High Templar x2  
  107  11:09  Zealot  
  113  11:12  Archon  
  113  11:15  High Templar x2  
  117  11:19  Zealot, Observer  
  117  11:21  Archon  
  119  11:27  Colossus  
  119  11:29  Zealot x3  
  131  11:33  Pylon x2  
  131  11:35  Pylon  
  131  11:52  Zealot x8  
Tags
 
Add a new tag
Caveats
  • Supply blocks, unpowered buildings, or Contaminate may cause inaccurate times.
  • Supply counts are checked every 10 seconds.